 Seeded DCSS version 0.28.0-53-g5a82cb258f (webtiles) character file.

Game seed: 8975328188744077526 (custom seed)

47 cbfl8 the Chopper (level 3, -3/29 HPs)
             Began as a Hill Orc Monk on Aug 3, 2022.
             Slain by Sigmund
             ... wielding a +0 scythe
              (9 damage)
             ... on level 2 of the Dungeon.
             The game lasted 00:02:41 (2783 turns).

cbfl8 the Chopper (Hill Orc Monk)                   Turns: 2783, Time: 00:02:42

Health: -3/29      AC: 10    Str: 13    XL:     3   Next: 70%
Magic:  3/3        EV: 11    Int: 10    God:
Gold:   47         SH:  0    Dex: 15    Spells: 2/2 levels left

rFire   . . .      SeeInvis .   a - +0 hand axe
rCold   . . .      Faith    .   (no shield)
rNeg    . . .      Spirit   .   i - +0 ring mail
rPois   .          Reflect  .   (helmet restricted)
rElec   .          Harm     .   (no cloak)
rCorr   .          Rampage  .   (no gloves)
Will    .....                   (no boots)
Stlth   +.........              (no amulet)
HPRegen 0.09/turn               d - +4 ring of protection
MPRegen 0.08/turn               (no ring)

@: no status effects
A: horns 1, frail 1, shaggy fur 1
a: no special abilities


You were on level 2 of the Dungeon.
You visited 1 branch of the dungeon, and saw 2 of its levels.

You collected 47 gold pieces.

Inventory:

Hand Weapons
 a - a +0 hand axe (weapon)
Armour
 b - a +0 robe
 i - a +0 ring mail (worn)
Jewellery
 d - a +4 ring of protection (left hand)
Scrolls
 e - a scroll of teleportation {unknown}
 f - 2 scrolls of enchant weapon {unknown}
 h - a scroll of identify {unknown}


   Skills:
 * Level 4.1 Fighting
 + Level 4.8 Axes
 + Level 0.3 Armour
 * Level 2.9 Dodging
 + Level 1.6 Stealth
 * Level 0.4 Evocations


You had 2 spell levels left.
You didn't know any spells.
Your spell library was empty.

Dungeon Overview and Level Annotations

Branches:
Dungeon (2/15)

Altars:

Annotations:
D:2 Sigmund


Innate Abilities, Weirdness & Mutations

You have a pair of small horns on your head.
You are frail. (-10% HP)
You are covered in fur. (AC +1)


Message History

Sigmund is moderately wounded.
Sigmund hits you with a +0 scythe!
You hit Sigmund but do no damage.
Sigmund is moderately wounded.
You hit Sigmund.
Sigmund is moderately wounded.
Sigmund misses you.
You hit Sigmund but do no damage.
Sigmund is moderately wounded.
Sigmund closely misses you.
You barely miss Sigmund.
Sigmund is moderately wounded.
Sigmund gestures at you while chanting. The magic dart hits you!
Sorry, you're not good enough to have a special ability.
It was a potion of cancellation.
You feel magically purged. Sigmund hits you with a +0 scythe.
It was a potion of mutation.
You feel extremely strange. Fur sprouts all over your body.
You feel frail. A pair of horns grows on your head!
You closely miss Sigmund. Your headbutt misses Sigmund.
Sigmund is moderately wounded.
Sigmund hits you with a +0 scythe.
You hit Sigmund.
Sigmund is moderately wounded.
Sigmund hits you with a +0 scythe.
* * * LOW HITPOINT WARNING * * *
You hit Sigmund. Your headbutt misses Sigmund.
Sigmund is heavily wounded.
You barely miss Sigmund.
Sigmund is heavily wounded.
Sigmund points at you and mumbles some strange words.
The puff of flame hits you but does no damage.
You closely miss Sigmund.
Sigmund is heavily wounded.
Sigmund barely misses you.
You hit Sigmund but do no damage. You headbutt Sigmund.
Sigmund is heavily wounded.
Sigmund hits you with a +0 scythe!
You die...

#.##.###### #...#
#.........# ###....
#...#####.#
#.....###
........#.#######
###.#.#.#.#####
#.#.............#
..............#
#.##.####.#####.#
#...........#
.....##...#
#.#####.....)......
#.##.##.#.#
#..@...........#†##
..........#
##@#.##...........#
.....#.##.#
#.#.##...<.#.†..##
.##.......#
#.#@##............
......)##.###
#.#...#....####<#.
.###.#.÷....#
#.#.#.#..@## #.#.
.# #.#..#####
#.#.#.#...# #.# .#
#....# #..?...?..#
..# .# ####.#
?........##..# ###
.###....#
.............#


You could see Sigmund.

Vanquished Creatures
  An adder (D:2)
  3 dart slugs
  2 endoplasms (D:1)
  3 giant cockroaches
  5 goblins
  3 hobgoblins (D:2)
  A quokka (D:2)
  3 ball pythons
  A bat (D:1)
  2 frilled lizards (D:1)
  4 kobolds
  A rat (D:1)
29 creatures vanquished.

Vanquished Creatures (others)
  An adder (D:2)
1 creature vanquished.

Grand Total: 30 creatures vanquished

Notes
Turn   | Place    | Note
-------+----------+-------------------------------------------
     0 | D:1      | cbfl8 the Hill Orc Monk began the quest for the Orb.
     0 | D:1      | Reached XP level 1. HP: 19/19 MP: 1/1
   142 | D:1      | Found a faded altar of an unknown god.
   348 | D:1      | Reached XP level 2. HP: 25/27 MP: 2/2
  2177 | D:2      | Noticed Sigmund
  2333 | D:2      | Reached XP level 3. HP: 33/33 MP: 3/3
  2777 | D:2      | Gained mutation: You are covered in fur. (AC +1) [potion of
                  | mutation]
  2777 | D:2      | Gained mutation: You are frail. (-10% HP) [potion of
                  | mutation]
  2777 | D:2      | Gained mutation: You have a pair of small horns on your
                  | head. [potion of mutation]
  2783 | D:2      | Slain by Sigmund

Illustrated notes

Levels and vault maps discovered:
D:1:      dpeg_arrival_oval, layout_loops_corners,
          ebering_ecumenical_altar_hall, lemuel_old_faithful
D:2:      layout_basic, serial_shops, shop_fountains, uniq_sigmund

Skill      XL: |  1  2 |
---------------+-------+-----
Fighting       | 4 |  4.1
Axes           | |  4.8
Armour         | |  0.3
Dodging        | |  2.9
Stealth        | |  1.6
Evocations     | |  0.4

Action                   || total
-------------------------++-------
Melee: Hand axe          ||    85
       Punch             ||     1
       Headbutt          ||     1
  Use: Potion            ||     3
Armor: Robe              ||     6
       Ring mail         ||    22
Dodge: Dodged            ||    42
